Map: Defender's Landing LE

Players

ManoManolo

  • Race: Zerg Zerg
  • League: Grandmaster
  • Spawn Location: 7:00

PiG - Winner!

  • Race: Zerg Zerg
  • League: Grandmaster
  • Spawn Location: 1:00

VOD

https://www.youtube.com/watch?v=6OHgK-Dck1o

Description

Time

  • Played on: June 6, 2017, 6:57 p.m.
  • Length: 6:36
Show
View Real Time Build Order
Export as new Build Order

ManoManolo Zerg 

Build Orders: Pool First 

Get SALT Encoding   

  12  0:03  Drone  
  13  0:15  Overlord  
  13  0:19  Drone  
  14  0:33  Drone x2  
  16  0:38  Drone  
  17  0:47  Spawning Pool  
  17  0:49  Drone  
  17  0:59  Drone  
  18  1:17  Hatchery, Drone  
  18  1:18  Extractor  
  17  1:24  Drone  
  18  1:38  Queen  
  20  1:42  Drone  
  20  1:43  Overlord  
  21  1:59  Drone  
  22  2:05  Zergling x2  
  23  2:14  Queen  
  25  2:19  Metabolic Boost  
  25  2:20  Drone  
  26  2:30  Queen  
  26  2:33  Overlord  
  26  2:35  Drone  
  29  2:43  Baneling Nest  
  28  2:49  Drone x3  
  28  2:50  Drone  
  28  2:51  Drone  
  33  3:07  Hatchery  
  32  3:15  Zergling x6  
  35  3:26  Overlord  
  35  3:28  Zergling x6  
  35  3:29  Zergling x2  
  35  3:32  Zergling x2  
  40  3:34  Zergling x2  
  41  3:42  Overlord  
  41  3:52  Drone x2  
  42  4:03  Roach Warren  
  42  4:04  Zergling x2  
  42  4:05  Zergling x10  
  40  4:33  Drone x5  
  45  4:46  Lair  
  45  4:47  Drone  
  45  4:48  Drone x3  
  45  4:49  Overlord  
  45  4:51  Roach x4  
  57  4:57  Roach  
  57  4:58  Roach  
  61  5:19  Extractor  
  61  5:20  Drone x3  
  63  5:22  Evolution Chamber  
  63  5:25  Drone x3  
  63  5:26  Drone x2  
  63  5:27  Overlord, Drone x3  
  69  5:41  Roach x2  
  73  5:47  Roach x2  
  73  5:48  Roach x2  
  81  5:54  Zergling x2  
  81  5:56  Overlord x3  
  81  6:00  Overlord  
  80  6:14  Roach x2, Zergling x4  
  80  6:15  Roach x3, Zergling x2  
Show
View Real Time Build Order
Export as new Build Order

PiG Zerg - Winner!

Build Orders: Pool First 

Get SALT Encoding   

  12  0:01  Drone  
  13  0:13  Overlord  
  13  0:17  Drone  
  14  0:32  Drone  
  14  0:33  Drone  
  16  0:36  Drone  
  17  0:46  Spawning Pool  
  17  0:49  Drone  
  17  1:00  Drone  
  18  1:12  Hatchery  
  18  1:15  Extractor  
  16  1:26  Drone  
  16  1:31  Drone  
  18  1:33  Queen  
  18  1:34  Zergling x2  
  21  1:41  Overlord  
  21  1:51  Drone  
  22  2:03  Drone  
  23  2:08  Queen  
  25  2:17  Drone  
  25  2:20  Roach Warren  
  24  2:36  Queen, Drone x4  
  30  2:47  Drone x4  
  34  2:54  Overlord  
  34  2:58  Overlord  
  34  3:13  Roach x3  
  34  3:19  Roach x3  
  46  3:24  Roach  
  46  3:25  Roach  
  50  3:29  Roach  
  52  3:35  Overlord  
  52  3:37  Overlord  
  52  3:54  Drone  
  52  3:55  Drone x5  
  58  3:59  Metabolic Boost  
  58  4:22  Overlord  
  58  4:23  Overlord  
  58  4:30  Extractor  
  57  4:33  Roach x5  
  67  4:41  Overlord  
  67  5:01  Hatchery  
  67  5:04  Roach x3  
  67  5:05  Roach x2  
  76  5:22  Overlord  
  76  5:23  Zergling x12  
  82  5:30  Zergling x8  
  86  5:41  Zergling x4  
  88  5:52  Zergling x4  
  88  5:53  Zergling x6  
  93  5:57  Zergling x6  
  95  6:18  Zergling x8  
Tags
 
Add a new tag
Caveats
  • Supply blocks, unpowered buildings, or Contaminate may cause inaccurate times.
  • Supply counts are checked every 10 seconds.